 Dungeon Crawl Stone Soup version 0.25-a0-528-g6b7c99946c (webtiles) character file.

Game seed: 2331009470814185306, levelgen mode: deterministic

1089 kae the Cleaver (level 8, -4/73 HPs)
             Began as a Hill Orc Fighter on Feb 19, 2020.
             Killed from afar by an electric eel (9 damage)
             ... with a bolt of electricity
             ... on level 6 of the Dungeon.
             The game lasted 00:06:51 (5828 turns).

kae the Cleaver (Hill Orc Fighter)                  Turns: 5828, Time: 00:06:52

Health: -4/73      AC: 12    Str: 21    XL:     8   Next: 31%
Magic:  8/8        EV:  3    Int:  8    God:
Gold:   382        SH:  9    Dex: 10    Spells: 7/7 levels left

rFire    . . .     SeeInvis .   a - +0 war axe
rCold    . . .     Gourm    .   c - +0 kite shield
rNeg     + . .     Faith    .   p - +0 plate armour
rPois    .         Spirit   .   b - +0 helmet
rElec    .         Reflect  .   (no cloak)
rCorr    .         Harm     .   (no gloves)
MR       .....                  (no boots)
Stlth    ..........             (no amulet)
HPRegen  0.22/turn              h - ring of positive energy
MPRegen  0.11/turn              (no ring)

@: no status effects
A: no striking features
a: no special abilities


You were on level 6 of the Dungeon.
You were not hungry.

You visited 2 branches of the dungeon, and saw 7 of its levels.

You collected 382 gold pieces.

Inventory:

Hand Weapons
 a - a +0 war axe (weapon)
Missiles
 e - a throwing net (quivered)
Armour
 b - a +0 helmet (worn)
 c - a +0 kite shield (worn)
 p - a +0 plate armour (worn)
Jewellery
 h - a ring of positive energy (left hand)
 j - an uncursed ring of fire
 t - an uncursed amulet of faith
Wands
 l - a wand of digging (5)
Scrolls
 g - a scroll of enchant armour
 k - 4 scrolls of identify
Potions
 d - 2 potions of might
 i - a potion of stabbing
 m - a potion of lignification
 n - 2 potions of brilliance
 o - 2 potions of flight
 q - a potion of resistance
 r - 3 potions of curing
Comestibles
 f - 12 rations
 u - 2 chunks of flesh


   Skills:
 + Level 7.4 Fighting
 * Level 10.4 Axes
 - Level 3.2 Armour
 - Level 3.2 Shields


You had 7 spell levels left.
You didn't know any spells.
Your spell library was empty.

Dungeon Overview and Level Annotations

Branches:
Dungeon (6/15)             Temple (1/1) D:5

Altars:
Ashenzari
Dithmenos
Elyvilon
Fedhas
Hepliaklqana
Kikubaaqudgha
Nemelex Xobeh
Okawaru
Qazlal
Ru
Sif Muna
Trog
Uskayaw
Vehumet
Wu Jian
Xom
Yredelemnul
Zin

Annotations:
D:4 1 runed translucent door, Thantalas's ghost, amateur NaBe
D:5 1 runed translucent door, Stick's ghost, amateur NaEn


Message History

An electric eel comes into view.
The electric eel shoots out a bolt of lightning at you!
The bolt of electricity hits you!
* * * LOW HITPOINT WARNING * * *
Okay, then.
You start resting.
You hear the rusting of a very distant drain.
You enter the shallow water.
Moving in this stuff is going to be slow.
The electric eel shoots out a bolt of lightning at you!
The bolt of electricity hits the plant!
The bolt of electricity hits you!
* * * LOW HITPOINT WARNING * * *
The bolt of electricity hits the plant!
The electric eel shoots out a bolt of lightning at you!
The bolt of electricity hits you!
* * * LOW HITPOINT WARNING * * *
Found a scroll labeled OGON SOETT.
The electric eel shoots out a bolt of lightning at you!
The bolt of electricity hits you!
You die...

## . # ###
#? .# ≈≈##.#
#.#
♣≈≈≈#.###.#
≈♣P♣≈♣#.@.#
P≈≈P≈≈♣≈.##
≈≈≈≈≈≈≈;♣##
≈≈≈≈≈≈≈P≈≈#
≈≈≈≈≈≈≈≈≈≈#
≈≈≈≈P≈≈P≈♣#
≈≈P≈♣P≈♣≈.#
P
≈≈♣≈≈≈♣≈#.#
≈≈≈≈≈♣≈♣##.#


You could see an electric eel.

Vanquished Creatures
  A water moccasin (D:6)
  A phantom (D:5)
  2 ogres (D:5)
  2 scorpions
  A crimson imp (D:5)
  A howler monkey (D:4)
  A centaur skeleton (D:4)
  3 hounds
  2 orc wizards (D:4)
  2 orc priests
  3 worker ants
  A worker ant zombie (D:5)
  A howler monkey skeleton (D:5)
  4 gnolls (D:2)
  5 adders
  An adder skeleton (D:4)
  2 worms (D:3)
  11 dart slugs
  3 leopard geckos
  21 orcs
  5 bats
  5 giant cockroaches
  11 goblins
  4 hobgoblins
  7 jackals
  5 quokkas
  3 ball pythons
  4 frilled lizards
  10 kobolds
  7 rats
129 creatures vanquished.

Notes
Turn   | Place    | Note
-------+----------+-------------------------------------------
     0 | D:1      | kae the Hill Orc Fighter began the quest for the Orb.
     0 | D:1      | Reached XP level 1. HP: 19/19 MP: 1/1
   118 | D:1      | Reached skill level 3 in Axes
   132 | D:1      | Reached XP level 2. HP: 17/27 MP: 2/2
   628 | D:1      | Reached skill level 4 in Axes
   718 | D:1      | Reached XP level 3. HP: 33/33 MP: 3/3
   978 | D:2      | Reached XP level 4. HP: 28/41 MP: 4/4
   984 | D:2      | Reached skill level 5 in Axes
  2139 | D:3      | Reached XP level 5. HP: 38/47 MP: 5/5
  2586 | D:3      | Reached skill level 5 in Fighting
  2586 | D:3      | Reached skill level 6 in Axes
  3302 | D:4      | Reached XP level 6. HP: 54/56 MP: 6/6
  3356 | D:4      | Found a runed translucent door.
  3371 | D:4      | Reached skill level 7 in Axes
  3836 | D:4      | Noticed Thantalas's ghost (amateur NaBe)
  3942 | D:4      | Reached skill level 8 in Axes
  3942 | D:4      | Reached XP level 7. HP: 62/63 MP: 7/7
  4145 | D:5      | Entered Level 5 of the Dungeon
  4338 | D:5      | Found a runed translucent door.
  4338 | D:5      | Noticed Stick's ghost (amateur NaEn)
  4385 | D:5      | Reached skill level 9 in Axes
  5064 | D:5      | Found a staircase to the Ecumenical Temple.
  5094 | Temple   | Entered the Ecumenical Temple
  5282 | D:5      | Reached XP level 8. HP: 73/73 MP: 8/8
  5325 | D:5      | Reached skill level 10 in Axes
  5828 | D:6      | Killed from afar by an electric eel

Levels and vault maps discovered:
D:1:      saegor_arrival_simple_a, layout_loops_cross, st_stairs_12,
          kennysheep_doodads
D:2:      minmay_door_path, layout_basic, minmay_pentomino_s2
D:3:      kennysheep_slugbush, layout_loops_corners, first_ration
D:4:      layout_basic, ebering_ghost_sewer_d
D:5:      corexii_shack_village, layout_basic, temple_doors_cd,
          nicolae_ossuary_entry_plus, gammafunk_ghost_grave
D:6:      layout_loops_cross, portal_sewer_entry_d, chequers_big_river,
          serial_bayou_lake_a
Temple:   compressed_dpeg_circular_temple

Skill      XL: |  1  2  3  4  5  6  7  8 |
---------------+-------------------------+-----
Axes           | 3 4 5 6 8 9 10 | 10.4
Fighting       | 4 5 6 7 |  7.4
Armour         | |  3.2
Shields        | |  3.2

Action                   |  1- 3 |  4- 6 |  7- 9 || total
-------------------------+-------+-------+-------++-------
Melee: War axe           |    87 |   252 |   161 ||   500
  Use: Potion            |     1 |       |     1 ||     2
       Scroll            |     2 |     8 |     3 ||    13
  Eat: Chunk             |       |    10 |     6 ||    16
Armor: Scale mail        |    45 |    31 |       ||    76
       Plate armour      |       |    77 |    87 ||   164
Dodge: Dodged            |    25 |    48 |    17 ||    90
Block: Kite shield       |    51 |   112 |    73 ||   236

Table legend:
 A = Non-vault XP
 B = Vault XP
 C = Vault XP percentage of total XP
 D = Non-vault monster count
 E = Vault monster count
 F = Vault count percentage of total count
                 A         B        C        D         E       F
            +---------+---------+-------+---------+---------+-------
      Total |    1497 |      60 |   3.9 |     105 |      24 |  18.6
            +---------+---------+-------+---------+---------+-------
        D:1 |      33 |       3 |   8.3 |      16 |       2 |  11.1
        D:2 |      79 |       7 |   8.1 |      15 |       5 |  25.0
        D:3 |     159 |      32 |  16.8 |      26 |       8 |  23.5
        D:4 |     412 |       0 |   0.0 |      29 |       0 |   0.0
        D:5 |     643 |      18 |   2.7 |      16 |       9 |  36.0
        D:6 |     171 |       0 |   0.0 |       3 |       0 |   0.0
            +---------+---------+-------+---------+---------+-------
